 Dungeon Crawl Stone Soup version 0.21.0-25-ge575cb9 (webtiles) character file.

90859 Gildeon the Severer (level 15, -6/129 HPs)
             Began as a Minotaur Fighter on Jan 9, 2018.
             Was the Champion of Vehumet.
             Mangled by a red ugly thing (25 damage)
             ... on level 15 of the Dungeon on Jan 24, 2018.
             The game lasted 02:03:38 (24708 turns).

Gildeon the Severer (Minotaur Fighter)             Turns: 24708, Time: 02:03:40

Health: -6/129     AC: 38    Str: 20    XL:     15   Next: 53%
Magic:  28/28      EV: 11    Int: 10    God:    Vehumet [******]
Gold:   1867       SH: 15    Dex: 12    Spells: 1/34 levels left

rFire    . . .     SeeInvis +   a - +6 war axe (flame)
rCold    . . .     Gourm    .   c - +3 shield
rNeg     . . .     Faith    .   n - +27 Lear's hauberk
rPois    .         Spirit   .   (helmet currently unavailable)
rElec    .         Reflect  .   (no cloak)
rCorr    .         Harm     +   (gloves currently unavailable)
MR       +....     Rnd*Rage +   (boots currently unavailable)
Stlth    ..........             A - amulet of harm
HPRegen  0.31/turn              E - ring of see invisible
MPRegen  0.21/turn              G - ring of wizardry

@: lethally poisoned (-6 -> -10), studying Ice Magic
A: retaliatory headbutt, horns 2, berserk 1, clever 1, weak 1
a: Renounce Religion


You were on level 15 of the Dungeon.
You worshipped Vehumet.
Vehumet was exalted by your worship.
You were not hungry.

You visited 3 branches of the dungeon, and saw 23 of its levels.
You also visited: Sewer and Ice Cave.

You collected 2289 gold pieces.
You spent 422 gold pieces at shops.

Inventory:

Hand Weapons
 a - a +6 war axe of flaming (weapon)
Armour
 c - a +3 shield (worn)
 h - a +2 plate armour
 l - a +0 pair of gloves
 n - the +27 Lear's hauberk (worn)
   (You found it on level 9 of the Dungeon)
 x - a +0 robe of magic resistance
 y - a +0 chain mail of fire resistance
 O - a +2 robe of cold resistance
 P - a +2 pair of boots of flying
 Q - a +1 cloak of cold resistance
 R - a +2 robe of magic resistance
 V - the +2 robe of Fimid {rF+ rN+++ Str-3 Dex+3}
   (You found it on level 6 of the Lair of Beasts)

   It affects your strength (-3).
   It affects your dexterity (+3).
   It protects you from fire.
   It renders you almost immune to negative energy.
 X - a +1 plate armour of poison resistance
Jewellery
 d - an uncursed ring of protection from magic
 g - an uncursed ring of ice
 t - an uncursed ring of resist corrosion
 A - an amulet of harm (around neck)
 D - an uncursed ring of protection from cold
 E - a ring of see invisible (left hand)
 G - a ring of wizardry (right hand)
 I - an uncursed ring of fire
Wands
 b - a wand of paralysis (12)
 k - a wand of acid (15)
 r - a wand of digging (36)
 u - a wand of disintegration (11)
 w - a wand of flame (19)
 H - a wand of iceblast (29)
 S - a wand of random effects (8)
Scrolls
 j - 7 scrolls of remove curse
 s - 16 scrolls of teleportation
 v - 2 scrolls of blinking
 M - 3 scrolls of summoning
 N - a scroll of fear
 U - a scroll of fog
Potions
 e - 2 potions of invisibility
 i - 3 potions of agility
 m - 7 potions of flight
 o - a potion of berserk rage
 p - 2 potions of magic
 z - a potion of haste
 B - a potion of ambrosia
 F - a potion of cancellation
Books
 q - a book of Misfortune

   Spells                             Type                      Level
   a - Confusing Touch                Hexes                        1
   b - Confuse                        Hexes                        3
   c - Gell's Gravitas                Translocation                3
   d - Petrify                        Transmutation/Earth          4
   e - Metabolic Englaciation         Hexes/Ice                    5
   f - Yara's Violent Unravelling     Hexes/Transmutation          5
 C - a book of Frost

   Spells                             Type                      Level
   a - Freeze                         Ice                          1
   b - Throw Frost                    Conjuration/Ice              2
   c - Ozocubu's Armour               Charms/Ice                   3
   d - Throw Icicle                   Conjuration/Ice              4
   e - Summon Ice Beast               Ice/Summoning                4
 L - a manual of Ice Magic
 W - a book of the Tempests

   Spells                             Type                      Level
   a - Static Discharge               Conjuration/Air              3
   b - Lightning Bolt                 Conjuration/Air              5
   c - Ignition                       Fire                         8
   d - Tornado                        Air                          9
   e - Shatter                        Earth                        9
Comestibles
 f - 24 rations


   Skills:
 - Level 11.0 Fighting
 - Level 16.3 Axes
 - Level 10.0 Armour
 - Level 10.0 Dodging
 - Level 11.0 Shields
 - Level 10.0 Spellcasting
 + Level 8.5 Fire Magic


You had one spell level left.
You knew the following spells:

 Your Spells              Type           Power        Failure   Level  Hunger
a - Freeze                Ice            #...         17%         1    None
b - Magic Dart            Conj           #...         17%         1    None
c - Throw Frost           Conj/Ice       #.....       24%         2    None
d - Dazzling Spray        Conj/Hex       #.....       41%         3    ##.....
e - Inner Flame           Hex/Fire       ##......     10%         3    ##.....
f - Ozocubu's Armour      Chrm/Ice       #.......     86%         3    ##.....
g - Olgreb's Toxic Radia  Pois           #.......     77%         4    ####...
h - Petrify               Tmut/Erth      #.......     99%         4    ####...
i - Venom Bolt            Conj/Pois      #.........   96%         5    #####..
j - Orb of Destruction    Conj           #.........   100%        7    #######


Dungeon Overview and Level Annotations

Branches:
Dungeon (15/15)            Temple (0/1) D:5            Lair (6/6) D:10
  Swamp (0/4) Lair:3        Snake (0/4) Lair:2        Slime (0/5) Lair:6
    Orc (2/2) D:12            Elf (0/3) Orc:2        Vaults (0/5) D:14
 Depths: D:15

Altars:
Ashenzari
Dithmenos
Fedhas
Kikubaaqudgha
Makhleb
Nemelex Xobeh
Qazlal
Trog
Uskayaw
Vehumet
Xom
The Shining One
Beogh

Shops:
D:5 !   D:7 =   D:10 [   D:14 *   Orc:2 =([=

Annotations:
D:12 exclusion: ice statue


Innate Abilities, Weirdness & Mutations

You reflexively headbutt those who attack you in melee.
You have a pair of horns on your head.
You tend to lose your temper in combat.
Your mind is acute. (Int +2)
You are weak. (Str -2)


Message History

You hit the white ugly thing. You burn the white ugly thing.
Your headbutt misses the white ugly thing.
The white ugly thing is moderately wounded.
You hit the red ugly thing.
You feel sick. The white ugly thing pecks you!
* * * LOW HITPOINT WARNING * * *
The white ugly thing freezes you!
* * * LOW HITPOINT WARNING * * *
You block the red ugly thing's attack.
The green ugly thing basks in the mutagenic energy from its kin and changes!
You slash the white ugly thing! You burn the white ugly thing.
The white ugly thing is heavily wounded.
You slash the red ugly thing! You burn the red ugly thing.
You feel sick.
You hit the white ugly thing. You burn the white ugly thing.
The white ugly thing is heavily wounded.
You closely miss the red ugly thing.
You block the white ugly thing's attack.
The red ugly thing bites you.
* * * LOW HITPOINT WARNING * * *
You are engulfed in flames!!
You die... ##. ..... #.. .... #.# .... #.# $.# #.###.# uu#

#...... ...####u#
#####.# ......uu#
####.# #@# #....#
#.# #.#### #.# #.#
#####.###### #.#
#..........# #.#
#.#..#####.# #.#
#.##.##....######.#
#.##............#.#
#.##.≈≈≈≈.≈≈≈≈≈.#.#


You could see 5 ugly things.

Vanquished Creatures
  Saint Roka (Orc:2)
  Nessos (Orc:2)
  Snorg (D:10)
  An ice dragon (D:9)
  The ghost of Feta the Severer, a journeyman HOFi of Okawaru (D:11)
  3 centaur warriors
  A catoblepas (Lair:5)
  5 two-headed ogres
  10 hydras
  4 death yaks (Lair:5)
  2 tengu warriors (D:13)
  Sonja (Lair:1)
  Nergalle (D:10)
  An unseen horror (D:15)
  An orc knight (D:14)
  Pikel (D:5)
  3 harpies (Lair:6)
  3 necromancers
  2 wolf spider zombies
  An orc sorcerer (Orc:1)
  2 manticores
  13 ugly things
  A deep elf mage (D:14)
  3 cyclopes
  25 elephants
  The ghost of komo4ek the Shield-Bearer, a novice GrFi (D:6)
  A centaur zombie (D:15)
  6 spiny frogs
  2 black mambas
  An ice statue (IceCv)
  3 rime drakes
  An efreet (D:14)
  9 komodo dragons
  10 freezing wraiths (IceCv)
  A tengu conjurer (D:13)
  7 polar bears
  5 trolls
  A hornet (Lair:6)
  2 wind drakes (Lair:6)
  Prince Ribbit (D:6)
  20 blink frogs
  A hippogriff (shapeshifter) (D:15)
  6 dream sheep (Lair:6)
  12 hippogriffs
  Sigmund (D:4)
  2 wraiths
  6 wyverns
  A yak (shapeshifter) (D:14)
  2 vampires
  14 yaks
  5 basilisks
  2 hogs (D:7)
  A human (D:7)
  4 hungry ghosts
  A steam dragon (Lair:2)
  3 vampire mosquitoes (D:14)
  2 wargs (Orc:2)
  Grum (D:10)
  A soldier ant (D:12)
  9 porcupines
  9 ice beasts
  16 water moccasins
  An eye of draining (D:9)
  40 orc warriors
  2 black bears
  2 sky beasts
  3 slaves (D:5)
  4 boggarts (Lair:6)
  14 centaurs
  7 wolves
  8 phantoms
  16 ogres
  17 crocodiles
  2 big kobolds
  14 bullfrogs
  A wyvern zombie (D:14)
  A troll zombie (D:12)
  17 killer bees
  4 scorpions
  3 elephant simulacra (IceCv)
  A howler monkey (D:7)
  An electric eel (Lair:3)
  9 crimson imps
  3 draconian simulacra (IceCv)
  A bullfrog zombie (D:6)
  2 quasits
  2 jellies
  4 centaur skeletons
  21 orc priests
  3 bullfrog skeletons
  3 hounds (D:9)
  4 iguanas
  A merfolk siren (Sewer)
  33 orc wizards
  10 worker ants
  2 spriggan simulacra (IceCv)
  7 troll simulacra (IceCv)
  2 merfolk avatars
  A polar bear simulacrum (IceCv)
  5 ogre zombies (D:12)
  A hound skeleton (D:5)
  A howler monkey zombie (D:9)
  A worker ant zombie (D:10)
  6 gnolls
  A howler monkey skeleton (D:9)
  6 naga simulacra (IceCv)
  3 river rats (Sewer)
  17 adders
  2 ogre simulacra (IceCv)
  A shadow imp (D:6)
  12 white imps (IceCv)
  4 oozes
  An adder skeleton (D:8)
  2 worms
  A dart slug (D:1)
  7 leopard geckos
  103 orcs
  4 ball pythons (Sewer)
  7 giant cockroaches
  9 goblins
  5 hobgoblins
  5 jackals
  5 quokkas
  12 bats
  10 frilled lizards
  2 goblin skeletons (D:12)
  2 hobgoblin skeletons (D:12)
  2 hobgoblin zombies (D:12)
  A jackal skeleton (D:8)
  A jackal zombie (D:5)
  15 kobolds
  A leopard gecko zombie (D:8)
  An orc skeleton (D:12)
  12 orc zombies (D:12)
  A quokka zombie (D:8)
  29 rats
  6 fungi
828 creatures vanquished.

Vanquished Creatures (others)
  2 blink frogs (Lair:6)
  A dream sheep (Lair:6)
  A worker ant (D:5)
  7 fungi
  10 plants
21 creatures vanquished.

Grand Total: 849 creatures vanquished

Notes
Turn   | Place    | Note
-------+----------+-------------------------------------------
     0 | D:1      | Gildeon the Minotaur Fighter began the quest for the Orb.
     0 | D:1      | Reached XP level 1. HP: 19/19 MP: 0/0
    99 | D:1      | Reached skill level 3 in Axes
   206 | D:1      | Reached XP level 2. HP: 26/26 MP: 1/1
   365 | D:1      | Reached skill level 4 in Axes
   828 | D:2      | Reached XP level 3. HP: 31/31 MP: 2/2
   892 | D:2      | Found a sparkling altar of Nemelex Xobeh.
  1141 | D:2      | Found a stormy altar of Qazlal.
  1226 | D:2      | Reached skill level 5 in Axes
  1381 | D:3      | Found a faded altar of an unknown god.
  1612 | D:3      | Found a shattered altar of Ashenzari.
  1721 | D:3      | Reached XP level 4. HP: 39/39 MP: 3/3
  1994 | D:4      | Noticed an ogre
  2001 | D:4      | Killed an ogre
  2001 | D:4      | Reached skill level 6 in Axes
  2001 | D:4      | Reached XP level 5. HP: 29/45 MP: 4/4
  2247 | D:4      | Found a glowing drain.
  2269 | Sewer    | Entered a sewer
  2371 | Sewer    | Reached skill level 7 in Axes
  2641 | Sewer    | Reached XP level 6. HP: 48/51 MP: 5/5
  2647 | Sewer    | Learned a level 4 spell: Petrify
  2744 | Sewer    | Reached skill level 8 in Axes
  2844 | D:4      | Noticed Sigmund
  2848 | D:4      | Killed Sigmund
  2848 | D:4      | Reached skill level 9 in Axes
  3099 | D:4      | You fall through a shaft!
  3099 | D:5      | Entered Level 5 of the Dungeon
  3100 | D:5      | Found a radiant altar of Vehumet.
  3312 | D:4      | Found an ancient bone altar of Kikubaaqudgha.
  3312 | D:4      | Found a glowing golden altar of the Shining One.
  3410 | D:4      | Reached XP level 7. HP: 55/57 MP: 6/6
  3573 | D:5      | Became a worshipper of Vehumet
  3612 | D:5      | Found a staircase to the Ecumenical Temple.
  3628 | D:5      | Found a burning altar of Makhleb.
  3660 | D:5      | Reached skill level 10 in Axes
  3865 | D:5      | Found Ysuver's Distillery.
  3868 | D:5      | Noticed Pikel
  3891 | D:5      | Killed Pikel
  3891 | D:5      | Reached skill level 12 in Axes
  3891 | D:5      | Reached XP level 8. HP: 39/64 MP: 7/7
  4020 | D:5      | Bought a potion of mutation for 112 gold pieces
  4020 | D:5      | Gained mutation: You are weak. (Str -2) [potion of mutation]
  4020 | D:5      | Gained mutation: You tend to lose your temper in combat. [potion of mutation]
  4020 | D:5      | Gained mutation: Your mind is acute. (Int +2) [potion of mutation]
  4330 | D:6      | Noticed komo4ek's ghost (novice GrFi)
  4346 | D:6      | Killed komo4ek's ghost
  4652 | D:6      | Reached skill level 13 in Axes
  4786 | D:6      | Noticed Prince Ribbit
  4807 | D:6      | Killed Prince Ribbit
  5017 | D:6      | Reached XP level 9. HP: 60/70 MP: 8/8
  5459 | D:7      | Reached * piety under Vehumet
  5459 | D:7      | Offered knowledge of Magic Dart by Vehumet.
  5462 | D:7      | Reached skill level 14 in Axes
  5589 | D:7      | Found Syadghiom's Jewellery Shop.
  6050 | D:7      | Found a blossoming altar of Fedhas.
  6253 | D:7      | Reached skill level 15 in Axes
  6628 | D:8      | Learned a level 1 spell: Magic Dart
  6719 | D:8      | Reached skill level 16 in Axes
  7047 | D:8      | Reached XP level 10. HP: 80/80 MP: 9/9
  7055 | D:8      | Reached ** piety under Vehumet
  7055 | D:8      | Offered knowledge of Freeze by Vehumet.
  7055 | D:8      | Reached skill level 5 in Fighting
  7058 | D:8      | Learned a level 1 spell: Freeze
  7414 | D:8      | Noticed a moth of wrath
  7417 | D:8      | Found a bloodstained altar of Trog.
  7746 | D:8      | Offered knowledge of Dazzling Spray by Vehumet.
  7751 | D:8      | Learned a level 3 spell: Dazzling Spray
  8023 | D:9      | Reached *** piety under Vehumet
  8068 | D:9      | Noticed an ice dragon
  8087 | D:9      | Killed an ice dragon
  8087 | D:9      | Reached skill level 10 in Fighting
  8372 | D:9      | Found the +27 Lear's hauberk
  8393 | D:9      | Got a steaming battleaxe
  8533 | D:9      | Offered knowledge of Inner Flame by Vehumet.
  8675 | D:9      | Found a shadowy altar of Dithmenos.
  9334 | D:9      | Identified the +4 battleaxe of the Hills {protect, rC- Dex+5} (You found it on level 9 of the Dungeon)
  9450 | D:10     | Entered Level 10 of the Dungeon
  9456 | D:10     | Reached skill level 5 in Armour
  9487 | D:10     | Noticed Grum
  9494 | D:10     | Reached XP level 11. HP: 52/102 MP: 10/10
  9496 | D:10     | Killed Grum
  9496 | D:10     | Reached skill level 1 in Spellcasting
  9505 | D:10     | Learned a level 3 spell: Inner Flame
  9772 | D:10     | Found Dugixt's Antique Armour Shop.
  9888 | D:10     | Noticed Snorg
  9892 | D:10     | Killed Snorg
  9918 | D:10     | Noticed Nergalle
  9925 | D:10     | Found a shimmering altar of Xom.
  9929 | D:10     | Killed Nergalle
  9930 | D:10     | Reached **** piety under Vehumet
 10045 | D:10     | Found a staircase to the Lair.
 10105 | Lair:1   | Entered Level 1 of the Lair of Beasts
 10144 | Lair:1   | Noticed Sonja
 10154 | Lair:1   | Killed Sonja
 10448 | Lair:1   | Noticed a four-headed hydra
 10454 | Lair:1   | Killed a two-headed hydra
 10760 | Lair:1   | Offered knowledge of Olgreb's Toxic Radiance by Vehumet.
 10760 | Lair:1   | Reached skill level 10 in Armour
 11389 | Lair:2   | Learned a level 4 spell: Olgreb's Toxic Radiance
 11481 | Lair:2   | Reached skill level 1 in Dodging
 11768 | Lair:2   | Reached XP level 12. HP: 107/110 MP: 16/16
 11849 | Lair:2   | Found a staircase to the Snake Pit.
 12173 | Lair:2   | Reached skill level 5 in Dodging
 12175 | Lair:2   | Noticed a six-headed hydra
 12180 | Lair:2   | Killed a five-headed hydra
 12505 | Lair:3   | Noticed a four-headed hydra
 12510 | Lair:3   | Killed a two-headed hydra
 12660 | Lair:3   | Found a staircase to the Swamp.
 12663 | Lair:3   | Reached ***** piety under Vehumet
 13158 | Lair:4   | Offered knowledge of Orb of Destruction by Vehumet.
 13177 | Lair:4   | Noticed a seven-headed hydra
 13187 | Lair:4   | Killed a three-headed hydra
 13517 | Lair:4   | Reached skill level 5 in Spellcasting
 14147 | Lair:5   | Noticed a catoblepas
 14182 | Lair:5   | Killed a catoblepas
 14317 | Lair:5   | Learned a level 7 spell: Orb of Destruction
 14370 | Lair:5   | Noticed a death yak
 14370 | Lair:5   | Noticed a death yak
 14373 | Lair:5   | Noticed a death yak
 14374 | Lair:5   | Noticed a death yak
 14387 | Lair:5   | Killed a death yak
 14391 | Lair:5   | Killed a death yak
 14391 | Lair:5   | Reached XP level 13. HP: 116/116 MP: 21/21
 14485 | Lair:5   | Reached skill level 10 in Dodging
 14603 | Lair:5   | Upgraded the game from 0.21.0-3-g78d12a8 to 0.21.0-25-ge575cb9
 14664 | Lair:5   | Reached skill level 5 in Shields
 15287 | Lair:6   | Entered Level 6 of the Lair of Beasts
 15313 | Lair:6   | Found a staircase to the Slime Pits.
 15322 | Lair:6   | Got a faintly glowing ring mail
 15450 | Lair:6   | Reached skill level 10 in Shields
 15675 | Lair:6   | HP: 4/116 [polar bear (4)]
 15907 | Lair:6   | Reached XP level 14. HP: 63/124 MP: 24/24
 16085 | Lair:6   | Found a frozen archway.
 16106 | IceCv    | Entered an ice cave
 16285 | IceCv    | Learned a level 2 spell: Throw Frost
 16289 | IceCv    | Learned a level 3 spell: Ozocubu's Armour
 16392 | IceCv    | Found an ancient bone altar of Kikubaaqudgha.
 17019 | IceCv    | Offered knowledge of Spellforged Servitor by Vehumet.
 17071 | IceCv    | Identified the +1 ring mail of Elyvilon's Scorn {rPois rF+ rN+} (You found it on level 6 of the Lair of Beasts)
 17555 | Lair:6   | Got a faintly glowing robe
 18298 | D:11     | Noticed Feta's ghost (journeyman HOFi)
 18319 | D:11     | Killed Feta's ghost
 18631 | D:11     | Identified the +2 robe of Fimid {rF+ rN+++ Str-3 Dex+3} (You found it on level 6 of the Lair of Beasts)
 19150 | D:12     | Found a staircase to the Orcish Mines.
 19585 | Orc:1    | Entered Level 1 of the Orcish Mines
 19632 | Orc:2    | Entered Level 2 of the Orcish Mines
 19713 | Orc:2    | Found a staircase to the Elven Halls.
 19729 | Orc:2    | Found a roughly hewn altar of Beogh.
 19737 | Orc:2    | Reached ****** piety under Vehumet
 19737 | Orc:2    | Offered knowledge of Venom Bolt by Vehumet.
 19930 | Orc:2    | Noticed Nessos
 19939 | Orc:2    | Killed Nessos
 19950 | Orc:2    | Reached skill level 10 in Spellcasting
 19980 | Orc:2    | Learned a level 5 spell: Venom Bolt
 20397 | Orc:2    | Found a roughly hewn altar of Beogh.
 20397 | Orc:2    | Found Litiveco's Jewellery Shoppe.
 20408 | Orc:2    | Reached skill level 1 in Fire Magic
 20481 | Orc:2    | Found a roughly hewn altar of Beogh.
 20546 | Orc:2    | Found a roughly hewn altar of Beogh.
 20546 | Orc:2    | Found Vyjaoruh's Jewellery Boutique.
 20848 | Orc:2    | Noticed Saint Roka
 20859 | Orc:2    | HP: 5/124 [Saint Roka/divine providence (20)]
 21325 | Orc:2    | Found Muoq's Antique Armour Emporium.
 21327 | Orc:2    | Found Pissoras's Antique Weapon Shoppe.
 21340 | Orc:2    | Found a roughly hewn altar of Beogh.
 21350 | Orc:2    | Bought a pair of glowing boots for 202 gold pieces
 21476 | Orc:1    | Found a bloodstained altar of Trog.
 21773 | Orc:2    | Killed Saint Roka
 22111 | D:13     | Offered knowledge of Bolt of Cold by Vehumet.
 22155 | D:13     | Reached skill level 5 in Fire Magic
 22162 | D:13     | Reached XP level 15. HP: 39/129 MP: 28/28
 23254 | D:14     | Found a hide-covered altar of Uskayaw.
 23397 | D:14     | Found Dasysan's General Store.
 23481 | D:14     | Bought a scroll of identify for 36 gold pieces
 23481 | D:14     | Bought a scroll of identify for 36 gold pieces
 23481 | D:14     | Bought a scroll of identify for 36 gold pieces
 23789 | D:14     | Found a roughly hewn altar of Beogh.
 24185 | D:14     | Found a gate to the Vaults.
 24396 | D:15     | Entered Level 15 of the Dungeon
 24411 | D:15     | Offered knowledge of Poison Arrow by Vehumet.
 24708 | D:15     | Mangled by a red ugly thing

Skill      XL: |  1  2  3  4  5  6  7  8  9 10 11 12 13 14 15 |
---------------+----------------------------------------------+-----
Axes           | 3 4 5 6 7 9 12 13 16 | 16.3
Fighting       | 4 11 | 11.0
Armour         | 5 10 | 10.0
Spellcasting   | 3 6 7 10 | 10.0
Dodging        | 3 9 10 | 10.0
Shields        | 11 | 11.0
Fire Magic     | 5 8 |  8.5

Action                   |  1- 3 |  4- 6 |  7- 9 | 10-12 | 13-15 || total
-------------------------+-------+-------+-------+-------+-------++-------
Melee: War axe           |   141 |   165 |   289 |   490 |  1117 ||  2202
       Headbutt          |    20 |    20 |    47 |   107 |   237 ||   431
       Battleaxe         |       |       |       |    45 |       ||    45
Throw: Throwing net      |       |       |       |     1 |       ||     1
 Cast: Magic Dart        |       |       |       |       |     4 ||     4
       Throw Frost       |       |       |       |       |     3 ||     3
Evoke: Wand              |       |       |    13 |    66 |    10 ||    89
  Use: Scroll            |     7 |     1 |    10 |    18 |    16 ||    52
       Potion            |       |     1 |     3 |     9 |    18 ||    31
 Stab: Paralysed         |       |       |       |     2 |       ||     2
  Eat: Chunk             |     3 |     5 |     2 |     9 |    20 ||    39
       Ration            |       |     1 |     2 |     5 |     4 ||    12
Armor: Scale mail        |    12 |       |       |       |       ||    12
       Plate armour      |    81 |    85 |   174 |   208 |       ||   548
       Chain mail        |       |       |       |   101 |   540 ||   641
Dodge: Dodged            |    21 |    14 |    22 |   111 |   370 ||   538
Block: Shield            |   102 |    82 |   122 |   179 |   745 ||  1230
